 Dungeon Crawl Stone Soup version 0.17-a0-764-gd40c196 (console) character file.

24 sose the Vexing (level 2, 0/19 HPs)
             Began as a Vampire Enchanter on Apr 23, 2015.
             Slain by Sigmund
             ... wielding a +0 scythe
              (10 damage)
             ... on level 2 of the Dungeon.
             The game lasted 00:02:32 (1326 turns).

sose the Vexing (Vampire Enchanter)                 Turns: 1326, Time: 00:02:32

Health: 0/19       AC:  3    Str:  7    XL:     2   Next: 79%
Magic:  5/5        EV: 12    Int: 17    God:
Gold:   55         SH:  0    Dex: 14    Spells: 2 memorised, 2 levels left

rFire  . . .     SeeInvis +     a - +1 dagger
rCold  . . .     Clarity  .     b - +1 robe
rNeg   + . .     SustAb   .     (no shield)
rPois  .         Gourm    .     (no helmet)
rElec  .         Spirit   .     (no cloak)
rCorr  .         Warding  .     (no gloves)
rMut   .         Stasis   .     (no boots)
MR     .....                    (no amulet)
Stlth  +++.......               (no ring)
                                n - ring of flight

@: not resistant to hostile enchantments, fairly stealthy
A: fangs 3, see invisible, unbreathing
a: Evoke Flight


You were on level 2 of the Dungeon.
You were not thirsty.

You visited 1 branch of the dungeon, and saw 2 of its levels.

You collected 55 gold pieces.

Inventory:

Hand weapons
 a - a +1 dagger (weapon)
Armour
 b - a +1 robe (worn)
Jewellery
 n - a ring of flight (left hand)
Scrolls
 f - 3 scrolls of fog {unknown}
 g - a scroll of enchant weapon {unknown}
 j - a scroll of enchant armour {unknown}
 l - a scroll of identify {unknown}
 m - a scroll of magic mapping {unknown}
Potions
 d - 4 potions of blood
 e - 2 potions of flight {unknown}
 h - a potion of curing {unknown}
 i - a potion of cancellation {unknown}
 k - a potion of agility {unknown}
Books
 c - a book of Maledictions

   Spells                             Type                      Level
   a - Corona                         Hexes                        1
   b - Ensorcelled Hibernation        Hexes/Ice                    2
   c - Confuse                        Hexes                        3
   d - Tukima's Dance                 Hexes                        3
   e - Dazzling Spray                 Conjuration/Hexes            3


   Skills:
 - Level 1.1 Short Blades
 - Level 2.1 Dodging
 + Level 5.2 Stealth
 + Level 2.0 Spellcasting
 + Level 5.3 Hexes
 + Level 0.4 Ice Magic


You had 2 spell levels left.
You knew the following spells:

 Your Spells              Type           Power        Failure   Level  Hunger
a - Ensorcelled Hibernat  Hex/Ice        ##....       12%         2    ###....
X - Corona                Hex            ###....      2%          1    #......


Dungeon Overview and Level Annotations

Branches:
Dungeon (2/15)

Altars:
Zin

Annotations:
D:2 Sigmund


Innate Abilities, Weirdness & Mutations

You have razor-sharp teeth.
You have supernaturally acute eyesight.
You can survive without breathing.


Message History

Sigmund is too close now for your liking.
The helpless Sigmund fails to defend himself.
You impale Sigmund!!
Sigmund is severely wounded.
Sigmund points at you and mumbles some strange words.
You are confused.
You barely miss Sigmund.
Sigmund is severely wounded.
Sigmund casts a spell.
Sigmund is suddenly surrounded by pale blue light.
Sigmund closely misses you. Sigmund barely misses you.
Sigmund hits you but does no damage.
You bump into the rock wall.
Sigmund hits you from afar with a scythe!
You bump into the rock wall.
You feel less confused. Sigmund hits you with a scythe!
Ouch! That really hurt!
You die...

#.# #.# #.## #.#
...## #.# ....# #.#
....# #.# #.#.#
##########.# #.#.#
............######.#
#.#.#
######...........##
#.#.#
#....@@##.......)..
#.#.#
#.#######.#########
#.#.# #.# #.#
#.#.#######.#######.#
#...............)..)#
#####################


You could see Sigmund.

Vanquished Creatures
  A giant gecko (D:2)
  3 bats
  2 hobgoblins (D:2)
  2 ball pythons (D:1)
  2 giant cockroaches (D:1)
  A giant newt (D:1)
  7 goblins
  2 kobolds
  3 rats (D:1)
23 creatures vanquished.

Notes
Turn   | Place    | Note
--------------------------------------------------------------
     0 | D:1      | sose, the Vampire Enchanter, began the quest for the Orb.
     0 | D:1      | Reached XP level 1. HP: 13/13 MP: 3/3
   183 | D:1      | Reached skill level 5 in Hexes
   285 | D:1      | Reached XP level 2. HP: 11/19 MP: 3/5
   289 | D:1      | Learned a level 2 spell: Ensorcelled Hibernation
  1115 | D:2      | Reached skill level 5 in Stealth
  1150 | D:2      | Found a glowing silver altar of Zin.
  1283 | D:2      | Noticed Sigmund
  1326 | D:2      | Slain by Sigmund

Action                   || total
-------------------------++-------
Melee: Dagger            ||    56
 Cast: Corona            ||     3
       Ensorcelled Hiber ||     7
 Stab: Sleeping          ||     9
  Eat: Corpse            ||     2
